 Dungeon Crawl Stone Soup version 0.28.0 (webtiles) character file.

Game seed: 201128266355238700

1 Sanktem7 the Sneak (level 1, -1/9 HPs)
             Began as a Spriggan Enchanter on Feb 9, 2022.
             Frozen to death by an endoplasm (2 damage)
             ... on level 1 of the Dungeon.
             The game lasted 00:00:21 (36 turns).

Sanktem7 the Sneak (Spriggan Enchanter)               Turns: 36, Time: 00:00:21

Health: -1/9       AC:  2    Str:  4    XL:     1   Next: 16%
Magic:  5/5        EV: 17    Int: 16    God:
Gold:   0          SH:  0    Dex: 15    Spells: 5/5 levels left

rFire   . . .      SeeInvis +   a - +1 dagger
rCold   . . .      Faith    .   (no shield)
rNeg    . . .      Spirit   .   b - +0 robe
rPois   .          Reflect  .   (helmet restricted)
rElec   .          Harm     .   (no cloak)
rCorr   .          Rampage  .   (gloves unavailable)
Will    .....                   (boots unavailable)
Stlth   +++.......              (no amulet)
HPRegen 0.03/turn               (no ring)
MPRegen 0.09/turn               (no ring)

@: very quick
A: very small, no large weapons, unfitting armour, see invisible, speed 3
a: no special abilities


You were on level 1 of the Dungeon.
You visited 1 branch of the dungeon, and saw 1 of its levels.

Inventory:

Hand Weapons
 a - a +1 dagger (weapon)
Armour
 b - a +0 robe (worn)
Potions
 c - a potion of invisibility
 d - a potion of lignification {unknown}


   Skills:
 - Level 1.1 Short Blades
 + Level 2.6 Dodging
 * Level 4.5 Stealth
 + Level 2.6 Spellcasting
 * Level 3.7 Hexes


You had 5 spell levels left.
You didn't know any spells.
Your spell library contained the following spells:

 Spells                   Type           Power      Damage    Failure   Level
 Confusing Touch          Hex            13%        N/A       13%         3
 Tukima's Dance           Hex            13%        N/A       13%         3
 Ensorcelled Hibernation  Hex/Ice        16%        N/A       14%         2
 Dazzling Flash           Conj/Hex       16%        N/A       26%         3


Dungeon Overview and Level Annotations

Branches:
Dungeon (1/15)

Altars:


Innate Abilities, Weirdness & Mutations

You are very small and have problems with some larger weapons.
You are too small for most types of armour.
You have supernaturally acute eyesight. (SInv)
You cover ground extremely quickly. (Speed+++)


Message History

An endoplasm comes into view.
The rat closely misses you.
You hit the rat but do no damage. The kobold closely misses you.
The rat completely misses you.
You barely miss the rat. The kobold barely misses you.
The rat closely misses you.
You closely miss the rat. The kobold misses you. The rat completely misses you.
You hit the rat.
The rat is severely wounded.
The kobold misses you. The rat bites you but does no damage.
You barely miss the rat.
The rat is severely wounded.
The kobold misses you. The rat bites you.
You closely miss the rat.
The rat is severely wounded.
The kobold barely misses you. The rat completely misses you.
You closely miss the rat.
The rat is severely wounded.
A hobgoblin comes into view.
The kobold hits you but does no damage. The rat closely misses you.
You hit the rat.
You kill the rat!
The kobold misses you.
You see here a rat corpse.
The kobold hits you with a +0 whip.
You hit the kobold.
The kobold is severely wounded.
A rat comes into view.
The kobold hits you with a +0 whip.
* * * LOW HITPOINT WARNING * * *
You hit the kobold.
You kill the kobold!
You hit the endoplasm.
The endoplasm is lightly wounded.
The endoplasm misses you.
You hit the endoplasm.
The endoplasm is heavily wounded.
The endoplasm freezes you.
You are frozen.
You die...

....... . ......# ..
..##.# ... ...#..
.... ###..#.###
..... ....#...
......###J##.#######
.......g@....$......
##########.#.#.#####
#### #...# ..
...###...###..# ##
...........#..# ..#.
..........#..#
.....###...###...#.#
#....#......>#...###
#...#.......#...#


You could see an endoplasm and a hobgoblin.

Vanquished Creatures
  A kobold (D:1)
  A rat (D:1)
2 creatures vanquished.

Notes
Turn   | Place    | Note
-------+----------+-------------------------------------------
     0 | D:1      | Sanktem7 the Spriggan Enchanter began the quest for the
                  | Orb.
     0 | D:1      | Reached XP level 1. HP: 9/9 MP: 5/5
    36 | D:1      | Frozen to death by an endoplasm

Illustrated notes

Levels and vault maps discovered:
D:1:      minmay_arrival_open_corners, layout_basic, serial_shops,
          nicolae_shop_hallway_stairs, st_stairs_2

Action                   || total
-------------------------++-------
Melee: Dagger            ||    12
Armor: Robe              ||     2
Dodge: Dodged            ||    14
